 Dungeon Crawl Stone Soup version 0.27.0-65-ge2af304b15 (webtiles) character file.

Game seed: 6276064036225142983

1549 Kinoniko the Carver (level 8, 11/64 HPs)
             Began as a Minotaur Berserker on Aug 19, 2021.
             Was an Elder of Trog.
             Quit the game on level 5 of the Dungeon.
             The game lasted 00:05:13 (4729 turns).

Kinoniko the Carver (Minotaur Berserker)            Turns: 4729, Time: 00:05:13

Health: 11/64      AC:  0    Str: 22    XL:     8   Next: 57%
Magic:  7/7        EV: 14    Int: 10    God:    Trog [****..]
Gold:   202        SH:  0    Dex: 12    Spells: 7/7 levels left

rFire    . . .     SeeInvis .   a - +0 falchion
rCold    . . .     Faith    .   (no shield)
rNeg     . . .     Spirit   .   p - +2 leather armour {rPois}
rPois    +         Reflect  .   (helmet restricted)
rElec    .         Harm     .   (no cloak)
rCorr    .         Rampage  .   u - +1 pair of gloves
Will     .....                  (no boots)
Stlth    +.........             (no amulet)
HPRegen  0.20/turn              l - +6 ring of intelligence
MPRegen  0.10/turn              (no ring)

@: corroded, on berserk cooldown, slowed, very slow
A: horns 2, retaliatory headbutt
a: Renounce Religion, Berserk, Trog's Hand, Brothers in Arms


You were on level 5 of the Dungeon.
You worshipped Trog.
Trog was greatly pleased with you.
You visited 1 branch of the dungeon, and saw 5 of its levels.

You collected 202 gold pieces.

Inventory:

Hand Weapons
 a - a +0 falchion (weapon)
 s - the +3 war axe of Offence {vorpal, rElec rN+ rCorr}
   (You found it on level 4 of the Dungeon)

   It inflicts extra damage upon your enemies.
   rElec:     It insulates you from electricity.
   rN:        It protects you from negative energy.
   rCorr:     It protects you from acid and corrosion.
Armour
 b - a +0 animal skin
 c - a +0 chain mail
 p - a +2 leather armour of poison resistance (worn)
 u - a +1 pair of gloves (worn)
Jewellery
 k - an amulet of magic regeneration
 l - a +6 ring of intelligence (left hand)
Wands
 r - a wand of charming (6)
Scrolls
 d - 2 scrolls of vulnerability
 g - 2 scrolls of identify
 q - a scroll of fear {unknown}
 t - a scroll of magic mapping {unknown}
 v - a scroll of noise {unknown}
Potions
 e - 3 potions of curing
 f - a potion of brilliance {unknown}
 h - a potion of magic {unknown}
 i - 2 potions of mutation {unknown}
 j - a potion of haste {unknown}
 m - 2 potions of resistance
 n - a potion of lignification {unknown}
 o - 3 potions of heal wounds {unknown}
 w - a potion of attraction {unknown}


   Skills:
 - Level 3.6 Fighting
 * Level 11.0 Long Blades
 - Level 2.4 Armour
 + Level 7.1 Dodging


You had 7 spell levels left.
You didn't know any spells.
Your spell library was empty.

Dungeon Overview and Level Annotations

Branches:
Dungeon (5/15)
 Temple: D:4-7

Altars:
Ashenzari
Fedhas
Uskayaw
Wu Jian
Zin

Shops:
D:3 (

Annotations:
D:5 Eustachio


Innate Abilities, Weirdness & Mutations

You have a pair of horns on your head.
You reflexively headbutt those who attack you in melee.


Message History

Unknown command.
Eustachio is nearby!
Eustachio is nearby!
Eustachio is nearby!
Eustachio drinks a potion.
Eustachio suddenly seems more resistant.
You miss Eustachio.
Eustachio gestures wildly while chanting.
Eustachio blinks!
Eustachio casts a spell.
Eustachio blinks!
Eustachio barely misses you. You furiously retaliate!
You headbutt Eustachio, but do no damage.
You riposte.
You closely miss Eustachio. You closely miss Eustachio.
Eustachio calls on the powers of shadow!
Eustachio gestures wildly while chanting.
You're still recovering from your berserk rage.
Unknown command.
Okay, then.
You closely miss Eustachio.
You headbutt Eustachio, but do no damage.
Eustachio zaps a wand.
You resist with some effort. The river rat bites you!
Unknown command.
You hit Eustachio. You headbutt Eustachio!
Eustachio is moderately wounded.
Eustachio utters an oath, "I will die for my friends!"
Eustachio hits you with a +0 rapier. The quokka bites you.
The river rat bites you!
* * * LOW HITPOINT WARNING * * *
The quokka bites you.
* * * LOW HITPOINT WARNING * * *
The quokka bites you.
* * * LOW HITPOINT WARNING * * *
Eustachio mumbles some strange words.
Eustachio blinks!
Unknown command.
Unknown command.
Unknown command.
Okay, then.
Are you sure you want to abandon this character and quit the game? (Confirm with "yes".)

...... . #...... .. #...... ##.
##...... ###..######.......
.........#.......
#..........>....
#........##.############
#.......###..@r.........
#.......# #..rr.....##
#.#...(####...)......######
#.#.<..##@................###
#.#..#....##...<.....###....#
###.#..#...####.....8..._...8.##
##......#...###..........)......#
.....................8.......8..#
....###.#....###................#


You could see Eustachio (resistant), a river rat (summoned) and 2 quokkas.

Vanquished Creatures
  Pikel (D:5)
  2 trolls (D:5)
  A black bear (D:5)
  A centaur (D:5)
  3 lemures (D:5)
  A howler monkey (D:5)
  A jelly (D:5)
  A centaur skeleton (D:4)
  A hound (D:5)
  An orc wizard (D:4)
  Terence (D:2)
  A hound skeleton (D:5)
  Robin (D:3)
  8 adders
  12 gnolls
  A shadow imp (D:5)
  A white imp (D:5)
  2 adder skeletons
  5 worms
  3 dart slugs
  9 orcs
  8 bats
  6 endoplasms
  3 giant cockroaches
  17 goblins
  15 hobgoblins
  6 jackals
  A quokka (D:5)
  11 ball pythons
  3 frilled lizards
  6 kobolds
  2 rats (D:1)
135 creatures vanquished.

Vanquished Creatures (others)
  A rat (D:1)
1 creature vanquished.

Grand Total: 136 creatures vanquished

Notes
Turn   | Place    | Note
-------+----------+-------------------------------------------
     0 | D:1      | Kinoniko the Minotaur Berserker began the quest for the
                  | Orb.
     0 | D:1      | Reached XP level 1. HP: 19/19 MP: 0/0
    75 | D:1      | Reached skill level 4 in Long Blades
   121 | D:1      | Reached XP level 2. HP: 26/26 MP: 1/1
   700 | D:2      | Reached XP level 3. HP: 31/31 MP: 2/2
   784 | D:2      | Reached ** piety under Trog
   813 | D:2      | Reached skill level 5 in Long Blades
   826 | D:2      | Found a faded altar of an unknown god.
   962 | D:2      | Reached XP level 4. HP: 39/39 MP: 3/3
  1198 | D:2      | Found an ornate altar of the Wu Jian Council.
  1701 | D:2      | Noticed Terence
  1709 | D:2      | Killed Terence
  1710 | D:2      | Reached skill level 6 in Long Blades
  1710 | D:2      | Reached XP level 5. HP: 28/45 MP: 4/4
  2174 | D:3      | Noticed Robin
  2203 | D:3      | Reached *** piety under Trog
  2207 | D:3      | Killed Robin
  2745 | D:3      | Found a blossoming altar of Fedhas.
  2974 | D:3      | Found Lutt's Weapon Shop.
  2997 | D:3      | Reached skill level 7 in Long Blades
  2997 | D:3      | Reached XP level 6. HP: 50/51 MP: 5/5
  3345 | D:4      | Found a broken altar of Ashenzari.
  3470 | D:4      | Reached **** piety under Trog
  3662 | D:4      | Found a glowing silver altar of Zin.
  3674 | D:4      | Identified the +3 war axe of Offence {vorpal, rElec rN+
                  | rCorr}
  4099 | D:5      | Entered Level 5 of the Dungeon
  4139 | D:5      | Noticed a troll
  4154 | D:5      | Killed a troll
  4155 | D:5      | Reached skill level 8 in Long Blades
  4155 | D:5      | Reached skill level 5 in Dodging
  4155 | D:5      | Reached XP level 7. HP: 11/57 MP: 6/6
  4413 | D:5      | Noticed a troll
  4425 | D:5      | Killed a troll
  4426 | D:5      | Reached skill level 9 in Long Blades
  4462 | D:5      | Reached XP level 8. HP: 19/64 MP: 7/7
  4485 | D:5      | Reached skill level 10 in Long Blades
  4622 | D:5      | Found a hide-covered altar of Uskayaw.
  4704 | D:5      | Noticed Pikel
  4712 | D:5      | Killed Pikel
  4713 | D:5      | Reached skill level 11 in Long Blades
  4718 | D:5      | Noticed Eustachio
  4729 | D:5      | Quit the game

Illustrated notes

Levels and vault maps discovered:
D:1:      scummos_arrival_forest, layout_rooms, minmay_misc_feat_columns
D:2:      layout_basic, shapermc_ecumenical_altar_gd, serial_glass,
          glass_columns_b, glass_columns_b, due_unseen_surprise,
          item_on_display_b, item_on_display_a, basic_altar,
          wander_ebering_terrifying_dragon_lair, uniq_terence
D:3:      layout_basic, fedhas_altar_3, serial_shops, nicolae_shop_trees,
          uniq_robin
D:4:      layout_gridville, mainiacjoe_overflow_concentric_impassable,
          nicolae_overflow_crystal_walls
D:5:      layout_rooms, eat_drink_and_be_merry_uskayaw,
          minmay_stone_trees_small, grunt_ministairs_2, interstate_on_off,
          uniq_eustachio, uniq_pikel

Skill      XL: |  1  2  3  4  5  6  7  8 |
---------------+-------------------------+-----
Long Blades    | 4 5 6 7 8 9 11 | 11.0
Dodging        | 3 4 5 6 7 |  7.1
Fighting       | |  3.6
Armour         | |  2.4

Action                   |  1- 3 |  4- 6 |  7- 9 || total
-------------------------+-------+-------+-------++-------
Melee: Falchion          |    66 |   219 |    43 ||   328
       Headbutt          |    13 |    43 |    12 ||    68
Invok: Berserk           |     1 |     3 |     2 ||     6
       Trog's Hand       |       |       |     1 ||     1
  Use: Scroll            |       |     2 |       ||     2
       Potion            |       |       |     1 ||     1
Armor: Animal skin       |     4 |       |       ||     4
       Chain mail        |    21 |    59 |       ||    80
       Leather armour    |       |    14 |    19 ||    33
Dodge: Dodged            |    51 |    83 |    33 ||   167
       Rpst.: Falchion   |    14 |    27 |     7 ||    48
